 Dungeon Sprint DCSS version 0.29.1-2-gbd0b4ee654 (webtiles) character file.

Game seed: 8535020372137127221

6 firemarshallily the Slasher (level 1, -2/27 HPs)
             Began as a Demonspawn Gladiator on Nov 2, 2022.
             Succumbed to a water moccasin's poison
             ... in the Dungeon (Sprint IX: "|||||||||||||||||||||||||||||").
             The game lasted 00:00:23 (65 turns).

firemarshallily the Slasher (Demonspawn Gladiator)    Turns: 65, Time: 00:00:23

Health: -2/27      AC:  4    Str: 14    XL:     1   Next: 75%
Magic:  1/1        EV: 12    Int:  9    God:
Gold:   0          SH:  0    Dex: 14    Spells: 0/0 levels left

rFire   . . .      SeeInvis .   a - +0 long sword
rCold   . . .      Faith    .   (no shield)
rNeg    . . .      Spirit   .   b - +0 leather armour
rPois   .          Reflect  .   c - +0 helmet
rElec   .          Harm     .   (no cloak)
rCorr   .          Rampage  .   (no gloves)
Will    .....      NoTele   +   (no boots)
Stlth   ..........              (no amulet)
HPRegen 0.09/turn               (no ring)
MPRegen 0.07/turn               (no ring)

@: berserking (expiring), lethally poisoned (-2 -> -22), very quick
A: no striking features
a: no special abilities


You were in the Dungeon.
You visited 1 branch

Inventory:

Hand Weapons
 a - a +0 long sword (weapon)
Missiles
 d - 3 throwing nets (quivered)
 e - a javelin
Armour
 b - a +0 leather armour (worn)
 c - a +0 helmet (worn)
Scrolls
 k - a scroll of blinking
Potions
 f - a potion of curing
 g - a potion of heal wounds
 h - a potion of haste
 i - 2 potions of magic


   Skills:
 * Level 3.0 Fighting
 * Level 3.4 Long Blades
 - Level 1.7 Throwing
 + Level 3.1 Dodging


You couldn't memorise any spells.
You didn't know any spells.
Your spell library was empty.

Dungeon Overview and Level Annotations

Branches:
Dungeon (1/1)

Altars:


Message History

Your Fighting skill increases to level 3!
There is an open door to the Dungeon here.
Things that are here:
a hobgoblin corpse; a quokka corpse You start resting.
HP restored.
You open the door.
An orc, an ufetubus, a jelly, a hound and a water moccasin come into view.
The orc shouts!
The ufetubus shouts!
The hound barks!
The hound stops to sniff the ground.
You close the door.
A red film seems to cover your vision as you go berserk!
You feel yourself moving faster!
You feel mighty!
The door flies open with a bang!
You feel a strong urge to attack something.
The jelly quivers.
The water moccasin hisses angrily.
The hound stops to sniff the ground.
You miss the water moccasin. Your punch misses the water moccasin.
The water moccasin bites you.
You are poisoned.
The water moccasin poisons you!
You barely miss the water moccasin.
You feel very sick. The water moccasin closely misses you.
You barely miss the water moccasin.
You feel sick. The water moccasin bites you!
You are more poisoned.
The water moccasin poisons you!
You completely miss the water moccasin.
* * * LOW HITPOINT WARNING * * *
You feel very sick. The water moccasin bites you.
* * * LOW HITPOINT WARNING * * *
You closely miss the water moccasin.
* * * LOW HITPOINT WARNING * * *
You feel very sick. The water moccasin barely misses you.
You closely miss the water moccasin.
You die...

▓+▓
▓.▓
▓o▓
▓5▓
▓J▓
▓h▓
▓S▓
▓@▓
▓.▓
▓.▓
▓.▓
▓.▓
▓†▓
▓.▓
▓.▓
▓.▓


You could see a water moccasin, a hound, a jelly, an orc and an ufetubus.

Vanquished Creatures
  A bat (D)
  An endoplasm (D)
  A hobgoblin (D)
  A quokka (D)
  A frilled lizard (D)
5 creatures vanquished.

Notes
Turn   | Place    | Note
-------+----------+-------------------------------------------
     0 | D        | firemarshallily the Demonspawn Gladiator began the quest
                  | for the Orb.
     0 | D        | Reached XP level 1. HP: 16/16 MP: 1/1
    56 | D        | Noticed a jelly
    56 | D        | Noticed a hound
    56 | D        | Noticed a water moccasin
    64 | D        | HP: 1/27 [poisoned by a water moccasin]
    65 | D        | Succumbed to a water moccasin's poison

Illustrated notes

Levels and vault maps discovered:
D:        linesprint [early_d, line_temple, items_1, d_10, items_2, lair_1,
          lair_end, items_3, orc_1, orc_end, items_4, d_15, swamp_1, shoals_1,
          snake_1, spider_1, d_20, vaults_1, items_5, swamp_end, shoals_end,
          snake_end, spider_end, vaults_end, d_27, items_6, zot_1, zot_end,
          crypt_end, forest_end, elf_end, slime_end, tomb_end, abyss_end,
          pan_hell_end]

Skill      XL: |  1 |
---------------+----+-----
Long Blades    | 3 |  3.4
Dodging        | 3 |  3.1
Fighting       | 3 |  3.0
Throwing       | |  1.7

Action                   || total
-------------------------++-------
Melee: Long sword        ||    20
       Punch             ||     1
  Use: Potion            ||     1
Armor: Leather armour    ||     6
Dodge: Dodged            ||    11
